Penguins vs Rivermen

Created - Friday, January 16, 2015 at 23:25

Goals
1 2 3 T
Penguins 1 1 1 3
Rivermen 3 2 1 6
Shots
1 2 3 T
Penguins 8 5 11 24
Rivermen 15 11 7 33

1st period

1. Penguins , Carson McMillan 6 (Dan Biega, Andrej Sustr) at 1:24
2. Rivermen , Ryan Ellis 24 (Chris Brown, Cody Goloubef) at 2:57
3. Rivermen , Jeremy Morin 20 (Ryan Ellis, Zack Phillips) at 16:33
4. Rivermen , Joe Whitney 3 (Ryan Ellis) at 18:52 (PP)

Penalties :
Ryan Reaves (Peo) for Fighting (Major) at 7:29, Matt Kassian (WBS) for Fighting (Major) at 7:29, Ryan Reaves (Peo) for instigated a fight (Minor) at 7:29, Ryan Reaves (Peo) for instigated a fight (10 Minutes Misconduct) at 7:29, Drew Bagnall (WBS) for Holding (Minor) at 11:20, Drew Bagnall (WBS) for Unsportsmanlike conduct (Major / Game Misconduct) at 18:48

2nd period

5. Penguins , Chris Huxley 2 (Philippe Cornet, Dan Biega) at 1:17 (SH)
6. Rivermen , Ryan Reaves 10 (Joakim Nordstrom) at 10:47 (PP)
7. Rivermen , Ryan Reaves 11 (Joakim Nordstrom) at 18:53

Penalties :
Garrett Meurs (WBS) for Roughing (Minor) at 10:29, Andrej Sustr (WBS) for Hooking (Minor) at 12:19

3rd period

8. Penguins , Tye McGinn 19 (Curtis McKenzie) at 0:10
9. Rivermen , Mark Stone 15 (Brian Gibbons) at 6:28

Penalties :
Linden Vey (WBS) for Roughing (Minor) at 8:12, Joe Piskula (Peo) for High sticking (Minor) at 15:16

Goalie Stats

Mark Visentin (WBS), 15 saves from 19 shots - (0.789), L, 5-4-2, 30:47 minutes
Keith Kinkaid (WBS), 12 saves from 14 shots - (0.857), 29:13 minutes
Jared Coreau (Peo), 21 saves from 24 shots - (0.875), W, 1-8-0, 60:00 minutes

Players Stats for Penguins

Player Name              G  A  P  +/- PIM S  H  SB GA TA FO     MP     PP MP  PK MP  
------------------------------------------------------------------------------------
Andrej Sustr             0  1  1  -2  2   2  1  2  5  2  0/0    28:21   1:15   4:44 
Carson McMillan          1  0  1  -1  0   4  4  0  1  0  14/20  17:55   2:03   0:00 
Charles Sarault          0  0  0  -1  0   4  1  0  0  2  4/8    13:32   0:53   0:06 
Chris Huxley             1  0  1  -1  0   1  1  2  0  2  0/0    23:03   2:42   8:30 
Curtis McKenzie          0  1  1   1  0   1  3  1  1  2  2/7    19:29   0:00   8:45 
Dan Biega                0  2  2   1  0   0  0  0  1  1  0/0    20:51   1:15   2:01 
Dean Arsene              0  0  0   0  0   0  0  0  0  1  0/0     2:28   0:00   0:00 
Drew Bagnall             0  0  0   0  17  1  0  0  0  0  0/0     6:08   0:00   0:00 
Dustin Gazley            0  0  0   0  0   0  0  0  1  0  0/0     0:54   0:50   0:00 
Garrett Meurs            0  0  0  -1  2   1  3  0  0  0  1/2    19:49   2:03   1:20 
Hunter Bishop            0  0  0  -2  0   1  2  0  0  0  0/2    11:18   1:12   0:00 
Jeff Schultz             0  0  0   0  0   1  1  2  0  1  0/0    22:06   2:12   0:43 
Linden Vey               0  0  0   1  2   2  0  0  4  1  7/10   24:00   1:05   5:40 
Matt Kassian             0  0  0   0  5   2  2  2  1  0  0/1    19:50   0:48   4:15 
Matt Mangene             0  0  0   0  0   0  0  0  0  0  0/0     1:25   0:00   0:00 
Philippe Cornet          0  1  1  -1  0   2  3  0  0  0  1/5    20:36   1:05   2:29 
Tye McGinn               1  0  1   0  0   2  2  1  5  1  0/1    19:25   1:55   0:00 
Xavier Ouellet           0  0  0   0  0   0  1  1  0  1  0/0    17:37   0:32   6:30 

Players Stats for Rivermen

Player Name              G  A  P  +/- PIM S  H  SB GA TA FO     MP     PP MP  PK MP  
------------------------------------------------------------------------------------
Brian Gibbons            0  1  1   0  0   2  1  0  5  0  8/21   17:21   5:27   0:39 
Brian O'Neill            0  0  0   1  0   3  0  1  2  0  1/2    16:12   0:00   2:08 
Chris Brown              0  1  1   1  0   2  0  0  2  1  0/0     7:27   0:00   0:00 
Cody Goloubef            0  1  1  -2  0   1  1  2  0  0  0/0    19:33   4:41   2:26 
Evan Rankin              0  0  0   1  0   0  0  0  0  0  0/0     7:48   0:00   0:00 
J.T. Brown               0  0  0   1  0   1  2  0  0  0  0/5    22:44   5:27   1:22 
Jeremy Morin             1  0  1   1  0   3  2  0  6  0  0/0    15:45   0:23   0:00 
Joakim Nordstrom         0  2  2  -1  0   1  0  1  1  1  7/12   18:27   5:47   0:00 
Joe Piskula              0  0  0   2  2   0  0  3  0  0  0/0    13:30   0:00   0:00 
Joe Whitney              1  0  1  -1  0   1  1  0  1  0  2/2    20:07   5:47   1:15 
John Lee                 0  0  0   1  0   1  1  1  0  0  0/0     4:25   0:00   0:00 
Mark Stone               1  0  1   0  0   9  0  0  4  0  0/0    19:14   5:27   2:32 
Maxime Fortunus          0  0  0   2  0   0  0  0  1  2  0/0    13:27   0:00   0:00 
Rob Davison              0  0  0  -2  0   0  0  0  0  2  0/0    19:33   4:41   2:26 
Ryan Ellis               1  2  3   1  0   6  3  0  2  1  0/0    27:00   6:33   1:32 
Ryan Reaves              2  0  2   0  17  2  2  0  3  1  0/1    13:11   2:48   0:00 
Ryan Sproul              0  0  0   0  0   1  2  1  0  1  0/0    22:35   6:33   1:32 
Zack Phillips            0  1  1   0  0   0  1  1  1  0  9/13   17:41   2:36   0:00 

3 Stars

1 - Ryan Ellis (Peo)
2 - Jeremy Morin (Peo)
3 - Tye McGinn (WBS)

Power Play

Penguins - 0 on 2 Attempt(s) - 0.00%
Rivermen - 2 on 6 Attempt(s) - 33.33%

Penalty Kill

Penguins - 4 on 6 Attempt(s) - 66.67% - Score 1 goal in Penalty Kill
Rivermen - 2 on 2 Attempt(s) - 100.00% - Score 0 goal in Penalty Kill

Team Stat

Penguins - Hits : 24 - Faceoff Wins : 29 - Blocked Shots : 11 - Penalty Minutes : 28
Rivermen - Hits : 16 - Faceoff Wins : 27 - Blocked Shots : 10 - Penalty Minutes : 19

Official

Referees : Unknown
Linesman : Unknown

Game Notes

Ryan Reaves and Matt Kassian fight to a draw at 7:29 of 1st period
Drew Bagnall ejected from game at 18:48 of 1st period
Drew Bagnall from Penguins is suspended for 2 game(s)
Keith Kinkaid enters game at 10:47 of 2nd period

Finance

Level 1 -- Attendance: 1483 (74.15%) -- Ticket Income $41,524
Level 2 -- Attendance: 746 (74.60%) -- Ticket Income $7,460
Total Attendance: 2229 (74.30%)
Total Ticket Income: $48,984
Other Income: $24,002
Total Income: $72,986

Penguins

5 vs 5 Forward 
   Center                   Left Wing                Right Wing               Time % Phy DF OF 
 1 Curtis McKenzie          Tye McGinn               Linden Vey               35     1   2  2  
 2 Carson McMillan          Matt Kassian             Garrett Meurs            30     1   2  2  
 3 Charles Sarault          Philippe Cornet          Linden Vey               22     1   2  2  
 4 Philippe Cornet          Hunter Bishop            Tye McGinn               13     1   2  2  

5 vs 5 Defense 
   Defense                  Defense                                           Time % Phy DF OF 
 1 Drew Bagnall             Jeff Schultz                                      35     1   2  2  
 2 Andrej Sustr             Dan Biega                                         30     1   2  2  
 3 Andrej Sustr             Chris Huxley                                      22     1   2  2  
 4 Andrej Sustr             Xavier Ouellet                                    13     1   2  2  

PowerPlay Forward 
   Center                   Left Wing                Right Wing               Time % Phy DF OF 
 1 Philippe Cornet          Linden Vey               Tye McGinn               60     1   2  2  
 2 Carson McMillan          Matt Kassian             Garrett Meurs            40     1   2  2  

PowerPlay Defense
   Defense                  Defense                                           Time % Phy DF OF 
 1 Chris Huxley             Jeff Schultz                                      60     1   2  2  
 2 Andrej Sustr             Dan Biega                                         40     1   2  2  

Penalty Kill 4 Players Forward 
   Center                   Wing                     Time % Phy DF OF 
 1 Linden Vey               Curtis McKenzie          60     1   2  2  
 2 Matt Kassian             Philippe Cornet          40     1   2  2  

Penalty Kill 4 Players Defense
   Defense                  Defense                  Time % Phy DF OF 
 1 Chris Huxley             Drew Bagnall             60     1   2  2  
 2 Andrej Sustr             Dan Biega                40     1   2  2  

Penalty Kill - 3 Players Forward 
   Forward                                           Time % Phy DF OF 
 1 Matt Kassian                                      60     1   2  2  
 2 Philippe Cornet                                   40     1   2  2  

Penalty Kill - 3 Players Defense
   Defense                  Defense                  Time % Phy DF OF 
 1 Chris Huxley             Drew Bagnall             60     1   2  2  
 2 Andrej Sustr             Dan Biega                40     1   2  2  

4 vs 4 Forward 
   Center                   Wing                     Time % Phy DF OF 
 1 Tye McGinn               Charles Sarault          60     1   2  2  
 2 Matt Kassian             Philippe Cornet          40     1   2  2  

4 vs 4 Defense
   Defense                  Defense                  Time % Phy DF OF 
 1 Drew Bagnall             Chris Huxley             60     1   2  2  
 2 Andrej Sustr             Dan Biega                40     1   2  2  

Last Minutes Offensive
   Center                   Left Wing                Right Wing               Defense                  Defense                  
   Curtis McKenzie          Tye McGinn               Linden Vey               Andrej Sustr             Jeff Schultz             

Last Minutes Defensive
   Center                   Left Wing                Right Wing               Defense                  Defense                  
   Curtis McKenzie          Tye McGinn               Linden Vey               Andrej Sustr             Jeff Schultz             

Goaltenders
Starting : Mark Visentin            
Backup : Keith Kinkaid            

Extra Forwards
Normal : Charles Sarault, Hunter Bishop, Matt Kassian - PP : Charles Sarault, Hunter Bishop - PK : Matt Kassian
Extra Defensemen
Normal : Dan Biega, Chris Huxley, Andrej Sustr - PP : Andrej Sustr - PK : Chris Huxley, Andrej Sustr
Penalty Shots
Hunter Bishop, Linden Vey, Matt Kassian, Philippe Cornet, Curtis McKenzie

Rivermen

5 vs 5 Forward 
   Center                   Left Wing                Right Wing               Time % Phy DF OF 
 1 Brian Gibbons            J.T. Brown               Mark Stone               35     1   2  2  
 2 Joakim Nordstrom         Joe Whitney              Ryan Reaves              30     1   2  2  
 3 Zack Phillips            Jeremy Morin             Brian O'Neill            22     1   2  2  
 4 J.T. Brown               Chris Brown              Evan Rankin              13     1   2  2  

5 vs 5 Defense 
   Defense                  Defense                                           Time % Phy DF OF 
 1 Ryan Ellis               Ryan Sproul                                       35     1   2  2  
 2 Rob Davison              Cody Goloubef                                     30     1   2  2  
 3 Maxime Fortunus          Joe Piskula                                       22     1   2  2  
 4 John Lee                 Ryan Ellis                                        13     1   2  2  

PowerPlay Forward 
   Center                   Left Wing                Right Wing               Time % Phy DF OF 
 1 Brian Gibbons            J.T. Brown               Mark Stone               60     1   2  2  
 2 Joakim Nordstrom         Joe Whitney              Ryan Reaves              40     1   2  2  

PowerPlay Defense
   Defense                  Defense                                           Time % Phy DF OF 
 1 Ryan Ellis               Ryan Sproul                                       60     1   2  2  
 2 Rob Davison              Cody Goloubef                                     40     1   2  2  

Penalty Kill 4 Players Forward 
   Center                   Wing                     Time % Phy DF OF 
 1 J.T. Brown               Mark Stone               60     1   2  2  
 2 Brian Gibbons            Ryan Reaves              40     1   2  2  

Penalty Kill 4 Players Defense
   Defense                  Defense                  Time % Phy DF OF 
 1 Ryan Ellis               Ryan Sproul              60     1   2  2  
 2 Rob Davison              Cody Goloubef            40     1   2  2  

Penalty Kill - 3 Players Forward 
   Forward                                           Time % Phy DF OF 
 1 J.T. Brown                                        60     1   2  2  
 2 Mark Stone                                        40     1   2  2  

Penalty Kill - 3 Players Defense
   Defense                  Defense                  Time % Phy DF OF 
 1 Ryan Ellis               Ryan Sproul              60     1   2  2  
 2 Rob Davison              Cody Goloubef            40     1   2  2  

4 vs 4 Forward 
   Center                   Wing                     Time % Phy DF OF 
 1 J.T. Brown               Mark Stone               60     1   2  2  
 2 Brian Gibbons            Ryan Reaves              40     1   2  2  

4 vs 4 Defense
   Defense                  Defense                  Time % Phy DF OF 
 1 Ryan Ellis               Ryan Sproul              60     1   2  2  
 2 Rob Davison              Cody Goloubef            40     1   2  2  

Last Minutes Offensive
   Center                   Left Wing                Right Wing               Defense                  Defense                  
   Brian Gibbons            J.T. Brown               Mark Stone               Ryan Ellis               Ryan Sproul              

Last Minutes Defensive
   Center                   Left Wing                Right Wing               Defense                  Defense                  
   Brian Gibbons            J.T. Brown               Mark Stone               Ryan Ellis               Ryan Sproul              

Goaltenders
Starting : Jared Coreau             
Backup : Farm Player87            

Extra Forwards
Normal : Zack Phillips, Jeremy Morin, Brian O'Neill - PP : Zack Phillips, Jeremy Morin - PK : Brian O'Neill
Extra Defensemen
Normal : Maxime Fortunus, Joe Piskula, John Lee - PP : Maxime Fortunus - PK : Joe Piskula, John Lee
Penalty Shots
J.T. Brown, Mark Stone, Brian Gibbons, Ryan Reaves, Joakim Nordstrom

% Time on Ice - Penguins

Lines # - Real PCT - Wanted PCT - Time Play
Normal Forward
1 - 26% - 35% - 11:39
2 - 38% - 30% - 17:08
3 - 17% - 22% - 7:44
4 - 18% - 13% - 8:17
Normal Defense
1 - 50% - 35% - 22:34
2 - 23% - 30% - 10:06
3 - 17% - 22% - 7:34
4 - 10% - 13% - 4:34
PP Forward
1 - 48% - 60% - 1:55
2 - 52% - 40% - 2:03
PP Defense
1 - 68% - 60% - 2:43
2 - 32% - 40% - 1:15
PK Forward
1 - 80% - 60% - 9:01
2 - 20% - 40% - 2:13
PK Defense
1 - 82% - 60% - 9:13
2 - 18% - 40% - 2:01
PK3 Forward
1 - 0% - 60%
2 - 0% - 40%
PK3 Defense
1 - 0% - 60%
2 - 0% - 40%
44 Forward
1 - 0% - 60%
2 - 0% - 40%
44 Defense
1 - 0% - 60%
2 - 0% - 40%
Last Minute Offensive  - 0:00
Last Minute Defensive  - 0:00
Total
Forward - 60:00
Defense - 60:00

% Time on Ice - Rivermen

Lines # - Real PCT - Wanted PCT - Time Play
Normal Forward
1 - 26% - 35% - 11:40
2 - 28% - 30% - 12:40
3 - 29% - 22% - 13:01
4 - 17% - 13% - 7:27
Normal Defense
1 - 32% - 35% - 14:30
2 - 28% - 30% - 12:26
3 - 30% - 22% - 13:27
4 - 10% - 13% - 4:25
PP Forward
1 - 49% - 60% - 5:27
2 - 51% - 40% - 5:47
PP Defense
1 - 58% - 60% - 6:33
2 - 42% - 40% - 4:41
PK Forward
1 - 88% - 60% - 3:29
2 - 12% - 40% - 0:29
PK Defense
1 - 39% - 60% - 1:32
2 - 61% - 40% - 2:26
PK3 Forward
1 - 0% - 60%
2 - 0% - 40%
PK3 Defense
1 - 0% - 60%
2 - 0% - 40%
44 Forward
1 - 0% - 60%
2 - 0% - 40%
44 Defense
1 - 0% - 60%
2 - 0% - 40%
Last Minute Offensive  - 0:00
Last Minute Defensive  - 0:00
Total
Forward - 60:00
Defense - 60:00

Play by Play

1st period


0:01 of 1st period - Brian Gibbons wins face-off versus Curtis McKenzie in neutral zone.
0:03 of 1st period - Off-side.
0:04 of 1st period - Brian Gibbons wins face-off versus Curtis McKenzie in neutral zone.
0:07 of 1st period - Slapshot by Ryan Ellis.
0:07 of 1st period - Shot Misses the Net.
0:09 of 1st period - Slapshot by Mark Stone.
0:09 of 1st period - Shot Misses the Net.
0:11 of 1st period - Slapshot by Ryan Ellis.
0:11 of 1st period - Shot Blocked by Curtis McKenzie.
0:13 of 1st period - Slapshot by Ryan Ellis.
0:13 of 1st period - Stopped by Mark Visentin with a rebound.
0:15 of 1st period - Snap shot by Ryan Ellis.
0:15 of 1st period - Deflect By Mark Stone.
0:15 of 1st period - Stopped by Mark Visentin without a rebound.
0:16 of 1st period - Brian Gibbons wins face-off versus Curtis McKenzie in Penguins zone.
1:07 of 1st period - Ryan Sproul is hit by Garrett Meurs and loses puck.
1:12 of 1st period - Snap shot by Andrej Sustr.
1:12 of 1st period - Deflect By Matt Kassian.
1:12 of 1st period - Shot Misses the Net.
1:12 of 1st period - Puck is out of play.
1:13 of 1st period - Carson McMillan wins face-off versus Joakim Nordstrom in Rivermen zone.
1:18 of 1st period - Wrist shot by Matt Kassian.
1:18 of 1st period - Shot Misses the Net.
1:20 of 1st period - Slapshot by Andrej Sustr.
1:20 of 1st period - Stopped by Jared Coreau with a rebound.
1:22 of 1st period - Slapshot by Dan Biega.
1:22 of 1st period - Shot Misses the Net.
1:24 of 1st period - Slapshot by Carson McMillan.
1:24 of 1st period - Goal by Carson McMillan - Penguins : 1 - Rivermen : 0.
1:25 of 1st period - Zack Phillips wins face-off versus Charles Sarault in neutral zone.
1:30 of 1st period - Icing by Andrej Sustr.
1:31 of 1st period - Charles Sarault wins face-off versus Zack Phillips in Penguins zone.
2:12 of 1st period - Maxime Fortunus is hit by Andrej Sustr and loses puck.
2:29 of 1st period - Rob Davison is hit by Garrett Meurs and loses puck.
2:55 of 1st period - Slapshot by Chris Brown.
2:55 of 1st period - Stopped by Mark Visentin with a rebound.
2:57 of 1st period - Snap shot by Ryan Ellis.
2:57 of 1st period - Goal by Ryan Ellis - Penguins : 1 - Rivermen : 1.
2:58 of 1st period - Philippe Cornet wins face-off versus Ryan Reaves in neutral zone.
3:01 of 1st period - Slapshot by Jeff Schultz.
3:01 of 1st period - Deflect By Philippe Cornet.
3:01 of 1st period - Shot Misses the Net.
3:01 of 1st period - Puck is out of play.
3:02 of 1st period - Joakim Nordstrom wins face-off versus Tye McGinn in Rivermen zone.
3:25 of 1st period - Snap shot by Tye McGinn.
3:25 of 1st period - Deflect By Joakim Nordstrom.
3:25 of 1st period - Shot Blocked by Cody Goloubef.
3:25 of 1st period - Puck is out of play.
3:26 of 1st period - Carson McMillan wins face-off versus Brian Gibbons in Rivermen zone.
3:33 of 1st period - Slapshot by Carson McMillan.
3:33 of 1st period - Stopped by Jared Coreau with a rebound.
3:39 of 1st period - Slapshot by Mark Stone.
3:39 of 1st period - Stopped by Mark Visentin without a rebound.
3:40 of 1st period - Brian Gibbons wins face-off versus Carson McMillan in Penguins zone.
4:05 of 1st period - Snap shot by Mark Stone.
4:05 of 1st period - Stopped by Mark Visentin with a rebound.
4:07 of 1st period - Slapshot by Ryan Ellis.
4:07 of 1st period - Shot Blocked by Matt Kassian.
4:09 of 1st period - Slapshot by John Lee.
4:09 of 1st period - Shot Misses the Net.
4:11 of 1st period - Snap shot by John Lee.
4:11 of 1st period - Stopped by Mark Visentin with a rebound.
4:37 of 1st period - Jeff Schultz is hit by John Lee and loses puck.
5:13 of 1st period - Snap shot by Brian O'Neill.
5:13 of 1st period - Stopped by Mark Visentin with a rebound.
5:29 of 1st period - Wrist shot by Brian O'Neill.
5:29 of 1st period - Stopped by Mark Visentin with a rebound.
5:57 of 1st period - Backhand shot by Chris Brown.
5:57 of 1st period - Shot Misses the Net.
5:59 of 1st period - Wrist shot by Joe Piskula.
5:59 of 1st period - Deflect By Chris Brown.
5:59 of 1st period - Shot Misses the Net.
5:59 of 1st period - Puck is out of play.
6:00 of 1st period - Carson McMillan wins face-off versus Brian Gibbons in Penguins zone.
6:08 of 1st period - Off-side.
6:09 of 1st period - Carson McMillan wins face-off versus J.T. Brown in neutral zone.
6:14 of 1st period - Mark Stone is hit by Garrett Meurs and loses puck.
6:33 of 1st period - Slapshot by Andrej Sustr.
6:33 of 1st period - Shot Blocked by Ryan Sproul.
7:07 of 1st period - Brian Gibbons is hit by Philippe Cornet and loses puck.
7:20 of 1st period - Snap shot by Tye McGinn.
7:20 of 1st period - Shot Misses the Net.
7:29 of 1st period - Ryan Reaves and Matt Kassian fight to a draw.
7:29 of 1st period - Penalty to Ryan Reaves for Fighting.
7:29 of 1st period - Penalty to Matt Kassian for Fighting.
7:29 of 1st period - Penalty to Ryan Reaves for instigated a fight.
7:29 of 1st period - Penalty to Ryan Reaves for instigated a fight.
7:30 of 1st period - Brian O'Neill wins face-off versus Carson McMillan in neutral zone.
8:33 of 1st period - Tye McGinn is hit by Cody Goloubef and loses puck.
8:57 of 1st period - Wrist shot by Carson McMillan.
8:57 of 1st period - Stopped by Jared Coreau with a rebound.
8:59 of 1st period - Wrist shot by Garrett Meurs.
8:59 of 1st period - Stopped by Jared Coreau with a rebound.
9:01 of 1st period - Slapshot by Dan Biega.
9:01 of 1st period - Deflect By Carson McMillan.
9:01 of 1st period - Shot Misses the Net.
9:01 of 1st period - Puck is out of play.
9:02 of 1st period - Carson McMillan wins face-off versus J.T. Brown in Rivermen zone.
9:28 of 1st period - Brian O'Neill is hit by Tye McGinn.
9:29 of 1st period - Penalty to Ryan Reaves is over, Evan Rankin is send on ice.
9:40 of 1st period - Slapshot by Ryan Ellis.
9:40 of 1st period - Shot Blocked by Andrej Sustr.
10:08 of 1st period - Snap shot by Joakim Nordstrom.
10:08 of 1st period - Shot Blocked by Xavier Ouellet.
10:19 of 1st period - Icing by Andrej Sustr.
10:20 of 1st period - Zack Phillips wins face-off versus Carson McMillan in Penguins zone.
11:20 of 1st period - Minor Penalty to Drew Bagnall for Holding.
11:21 of 1st period - Linden Vey wins face-off versus Joakim Nordstrom in Penguins zone.
11:38 of 1st period - Snap shot by Ryan Ellis.
11:38 of 1st period - Stopped by Mark Visentin with a rebound.
11:40 of 1st period - Snap shot by Ryan Sproul.
11:40 of 1st period - Stopped by Mark Visentin without a rebound.
11:41 of 1st period - Linden Vey wins face-off versus Joakim Nordstrom in Penguins zone.
12:25 of 1st period - Chris Huxley is hit by Joe Whitney and loses puck.
12:29 of 1st period - Penalty to Matt Kassian is over, Matt Kassian is back on ice.
12:47 of 1st period - Mark Stone is hit by Matt Kassian and loses puck.
13:17 of 1st period - Slapshot by Ryan Ellis.
13:17 of 1st period - Stopped by Mark Visentin with a rebound.
13:20 of 1st period - Penalty to Drew Bagnall is over, Drew Bagnall is back on ice.
13:39 of 1st period - Wrist shot by Brian O'Neill.
13:39 of 1st period - Stopped by Mark Visentin without a rebound.
13:40 of 1st period - Zack Phillips wins face-off versus Philippe Cornet in Penguins zone.
16:33 of 1st period - Wrist shot by Jeremy Morin.
16:33 of 1st period - Goal by Jeremy Morin - Penguins : 1 - Rivermen : 2.
16:34 of 1st period - Zack Phillips wins face-off versus Hunter Bishop in neutral zone.
16:52 of 1st period - Slapshot by Jeremy Morin.
16:52 of 1st period - Shot Blocked by Tye McGinn.
17:02 of 1st period - Maxime Fortunus is hit by Philippe Cornet and loses puck.
17:40 of 1st period - Icing by Carson McMillan.
17:41 of 1st period - Carson McMillan wins face-off versus Brian Gibbons in Penguins zone.
17:59 of 1st period - Slapshot by Ryan Ellis.
17:59 of 1st period - Shot Blocked by Jeff Schultz.
18:05 of 1st period - Slapshot by Jeff Schultz.
18:05 of 1st period - Stopped by Jared Coreau with a rebound.
18:07 of 1st period - Snap shot by Charles Sarault.
18:07 of 1st period - Stopped by Jared Coreau with a rebound.
18:09 of 1st period - Slapshot by Drew Bagnall.
18:09 of 1st period - Deflect By Mark Stone.
18:09 of 1st period - Stopped by Jared Coreau with a rebound.
18:11 of 1st period - Wrist shot by Charles Sarault.
18:11 of 1st period - Shot Misses the Net.
18:27 of 1st period - Slapshot by Ryan Ellis.
18:27 of 1st period - Deflect By Jeremy Morin.
18:27 of 1st period - Shot Blocked by Matt Kassian.
18:27 of 1st period - Puck is out of play.
18:28 of 1st period - Carson McMillan wins face-off versus Brian O'Neill in Penguins zone.
18:35 of 1st period - Cody Goloubef is hit by Carson McMillan and loses puck.
18:48 of 1st period - Major / Game Misconduct Penalty to Drew Bagnall for Unsportsmanlike conduct.
18:48 of 1st period - Drew Bagnall is ejected from game.
18:49 of 1st period - Joe Whitney wins face-off versus Linden Vey in Penguins zone.
18:50 of 1st period - Slapshot by Ryan Ellis.
18:50 of 1st period - Shot Misses the Net.
18:52 of 1st period - Slapshot by Joe Whitney.
18:52 of 1st period - Goal by Joe Whitney - Penguins : 1 - Rivermen : 3.
18:53 of 1st period - Joe Whitney wins face-off versus Linden Vey in neutral zone.
19:16 of 1st period - Slapshot by Ryan Ellis.
19:16 of 1st period - Deflect By Joakim Nordstrom.
19:16 of 1st period - Shot Misses the Net.
19:16 of 1st period - Puck is out of play.
19:17 of 1st period - Linden Vey wins face-off versus Brian Gibbons in Penguins zone.
19:17 of 1st period - Linden Vey is hit by Ryan Sproul.
Goals for this period are 1 for Penguins vs 3 for Rivermen.
Shots for this period are 8 for Penguins vs 15 for Rivermen.

2nd period


0:01 of 2nd period - Linden Vey wins face-off versus Brian Gibbons in neutral zone.
0:20 of 2nd period - Snap shot by Brian Gibbons.
0:20 of 2nd period - Stopped by Mark Visentin with a rebound.
0:22 of 2nd period - Slapshot by Ryan Sproul.
0:22 of 2nd period - Shot Blocked by Chris Huxley.
0:52 of 2nd period - Philippe Cornet is hit by Ryan Ellis.
1:11 of 2nd period - Snap shot by Philippe Cornet.
1:11 of 2nd period - Shot Misses the Net.
1:13 of 2nd period - Slapshot by Dan Biega.
1:13 of 2nd period - Shot Blocked by Joakim Nordstrom.
1:15 of 2nd period - Snap shot by Philippe Cornet.
1:15 of 2nd period - Stopped by Jared Coreau with a rebound.
1:17 of 2nd period - Snap shot by Chris Huxley.
1:17 of 2nd period - Goal by Chris Huxley - Penguins : 2 - Rivermen : 3.
1:18 of 2nd period - Linden Vey wins face-off versus Brian Gibbons in neutral zone.
1:44 of 2nd period - Wrist shot by Mark Stone.
1:44 of 2nd period - Shot Blocked by Andrej Sustr.
2:20 of 2nd period - Snap shot by Joakim Nordstrom.
2:20 of 2nd period - Shot Misses the Net.
2:29 of 2nd period - 10 Minutes Misconduct Penalty to Ryan Reaves is over.
2:40 of 2nd period - Andrej Sustr is hit by Ryan Ellis and loses puck.
3:32 of 2nd period - Wrist shot by Mark Stone.
3:32 of 2nd period - Stopped by Mark Visentin with a rebound.
3:44 of 2nd period - Philippe Cornet is hit by Ryan Ellis and loses puck.
3:48 of 2nd period - Penalty to Drew Bagnall is over, Garrett Meurs is send on ice.
4:33 of 2nd period - Wrist shot by Brian O'Neill.
4:33 of 2nd period - Shot Misses the Net.
4:35 of 2nd period - Snap shot by Jeremy Morin.
4:35 of 2nd period - Shot Misses the Net.
4:55 of 2nd period - Chris Brown is hit by Tye McGinn and loses puck.
5:09 of 2nd period - Evan Rankin is hit by Charles Sarault and loses puck.
5:34 of 2nd period - Snap shot by Curtis McKenzie.
5:34 of 2nd period - Stopped by Jared Coreau with a rebound.
5:36 of 2nd period - Wrist shot by Tye McGinn.
5:36 of 2nd period - Shot Misses the Net.
5:38 of 2nd period - Wrist shot by Tye McGinn.
5:38 of 2nd period - Shot Misses the Net.
5:40 of 2nd period - Slapshot by Dan Biega.
5:40 of 2nd period - Deflect By Tye McGinn.
5:40 of 2nd period - Shot Misses the Net.
5:40 of 2nd period - Puck is out of play.
5:41 of 2nd period - Zack Phillips wins face-off versus Curtis McKenzie in Rivermen zone.
5:57 of 2nd period - Snap shot by Jeremy Morin.
5:57 of 2nd period - Shot Misses the Net.
6:15 of 2nd period - Snap shot by Ryan Ellis.
6:15 of 2nd period - Stopped by Mark Visentin without a rebound.
6:16 of 2nd period - Joakim Nordstrom wins face-off versus Carson McMillan in Penguins zone.
7:05 of 2nd period - Philippe Cornet is hit by Zack Phillips and loses puck.
8:21 of 2nd period - Icing by Maxime Fortunus.
8:22 of 2nd period - Carson McMillan wins face-off versus J.T. Brown in Rivermen zone.
8:31 of 2nd period - Wrist shot by Carson McMillan.
8:31 of 2nd period - Shot Misses the Net.
8:51 of 2nd period - Zack Phillips is hit by Curtis McKenzie and loses puck.
9:19 of 2nd period - Joe Whitney is hit by Matt Kassian and loses puck.
10:06 of 2nd period - Jeff Schultz is hit by Ryan Sproul and loses puck.
10:29 of 2nd period - Minor Penalty to Garrett Meurs for Roughing.
10:30 of 2nd period - Joakim Nordstrom wins face-off versus Linden Vey in Penguins zone.
10:47 of 2nd period - Snap shot by Ryan Reaves.
10:47 of 2nd period - Goal by Ryan Reaves - Penguins : 2 - Rivermen : 4.
10:47 of 2nd period - Keith Kinkaid enters game.
10:48 of 2nd period - Carson McMillan wins face-off versus Brian Gibbons in neutral zone.
10:50 of 2nd period - Off-side.
10:51 of 2nd period - Carson McMillan wins face-off versus Brian Gibbons in neutral zone.
11:20 of 2nd period - Snap shot by Mark Stone.
11:20 of 2nd period - Deflect By Brian Gibbons.
11:20 of 2nd period - Stopped by Keith Kinkaid without a rebound.
11:21 of 2nd period - Charles Sarault wins face-off versus Joakim Nordstrom in Penguins zone.
11:37 of 2nd period - Slapshot by Andrej Sustr.
11:37 of 2nd period - Stopped by Jared Coreau without a rebound.
11:38 of 2nd period - Charles Sarault wins face-off versus Joakim Nordstrom in Rivermen zone.
12:19 of 2nd period - Minor Penalty to Andrej Sustr for Hooking.
12:20 of 2nd period - Linden Vey wins face-off versus J.T. Brown in Penguins zone.
12:33 of 2nd period - Snap shot by Linden Vey.
12:33 of 2nd period - Stopped by Jared Coreau with a rebound.
12:35 of 2nd period - Wrist shot by Curtis McKenzie.
12:35 of 2nd period - Shot Misses the Net.
14:19 of 2nd period - Penalty to Andrej Sustr is over, Andrej Sustr is back on ice.
14:35 of 2nd period - Off-side.
14:36 of 2nd period - Zack Phillips wins face-off versus Philippe Cornet in neutral zone.
14:39 of 2nd period - Jeff Schultz is hit by Jeremy Morin and loses puck.
14:54 of 2nd period - Wrist shot by Tye McGinn.
14:54 of 2nd period - Shot Misses the Net.
14:57 of 2nd period - Icing by Maxime Fortunus.
14:58 of 2nd period - Garrett Meurs wins face-off versus Zack Phillips in Rivermen zone.
15:01 of 2nd period - Snap shot by Carson McMillan.
15:01 of 2nd period - Shot Misses the Net.
15:32 of 2nd period - Jeff Schultz is hit by Ryan Reaves and loses puck.
16:19 of 2nd period - Snap shot by Chris Brown.
16:19 of 2nd period - Stopped by Keith Kinkaid without a rebound.
16:20 of 2nd period - Zack Phillips wins face-off versus Philippe Cornet in Penguins zone.
16:42 of 2nd period - Snap shot by Jeremy Morin.
16:42 of 2nd period - Stopped by Keith Kinkaid with a rebound.
16:55 of 2nd period - Icing by Ryan Ellis.
16:56 of 2nd period - Brian Gibbons wins face-off versus Curtis McKenzie in Rivermen zone.
17:08 of 2nd period - Mark Stone is hit by Curtis McKenzie.
17:36 of 2nd period - Tye McGinn is hit by Ryan Reaves and loses puck.
17:50 of 2nd period - Off-side.
17:51 of 2nd period - Charles Sarault wins face-off versus Zack Phillips in neutral zone.
18:42 of 2nd period - Philippe Cornet is hit by J.T. Brown and loses puck.
18:47 of 2nd period - Snap shot by Mark Stone.
18:47 of 2nd period - Stopped by Keith Kinkaid with a rebound.
18:49 of 2nd period - Slapshot by Maxime Fortunus.
18:49 of 2nd period - Deflect By Mark Stone.
18:49 of 2nd period - Stopped by Keith Kinkaid with a rebound.
18:51 of 2nd period - Slapshot by J.T. Brown.
18:51 of 2nd period - Stopped by Keith Kinkaid without a rebound.
18:52 of 2nd period - Joakim Nordstrom wins face-off versus Hunter Bishop in Penguins zone.
18:53 of 2nd period - Slapshot by Ryan Reaves.
18:53 of 2nd period - Goal by Ryan Reaves - Penguins : 2 - Rivermen : 5.
18:54 of 2nd period - Joakim Nordstrom wins face-off versus Charles Sarault in neutral zone.
19:03 of 2nd period - Slapshot by Joakim Nordstrom.
19:03 of 2nd period - Shot Misses the Net.
Goals for this period are 1 for Penguins vs 2 for Rivermen.
Shots for this period are 5 for Penguins vs 11 for Rivermen.

3rd period


0:01 of 3rd period - Curtis McKenzie wins face-off versus Brian Gibbons in neutral zone.
0:06 of 3rd period - Snap shot by Tye McGinn.
0:06 of 3rd period - Stopped by Jared Coreau without a rebound.
0:07 of 3rd period - Curtis McKenzie wins face-off versus Brian Gibbons in Rivermen zone.
0:10 of 3rd period - Snap shot by Tye McGinn.
0:10 of 3rd period - Goal by Tye McGinn - Penguins : 3 - Rivermen : 5.
0:11 of 3rd period - Linden Vey wins face-off versus Brian Gibbons in neutral zone.
1:23 of 3rd period - Snap shot by Ryan Reaves.
1:23 of 3rd period - Shot Misses the Net.
1:25 of 3rd period - Wrist shot by Joakim Nordstrom.
1:25 of 3rd period - Shot Misses the Net.
1:43 of 3rd period - Snap shot by Jeremy Morin.
1:43 of 3rd period - Deflect By Dan Biega.
1:43 of 3rd period - Shot Hit the Post.
1:43 of 3rd period - Puck is out of play.
1:44 of 3rd period - Zack Phillips wins face-off versus Charles Sarault in Penguins zone.
2:04 of 3rd period - Snap shot by Charles Sarault.
2:04 of 3rd period - Stopped by Jared Coreau with a rebound.
2:35 of 3rd period - Snap shot by Mark Stone.
2:35 of 3rd period - Stopped by Keith Kinkaid with a rebound.
2:37 of 3rd period - Slapshot by Cody Goloubef.
2:37 of 3rd period - Deflect By Linden Vey.
2:37 of 3rd period - Stopped by Keith Kinkaid without a rebound.
2:38 of 3rd period - Brian Gibbons wins face-off versus Philippe Cornet in Penguins zone.
2:52 of 3rd period - Snap shot by Brian Gibbons.
2:52 of 3rd period - Shot Misses the Net.
3:33 of 3rd period - Rob Davison is hit by Jeff Schultz and loses puck.
4:07 of 3rd period - Joe Whitney is hit by Chris Huxley and loses puck.
4:42 of 3rd period - Slapshot by Carson McMillan.
4:42 of 3rd period - Shot Blocked by Cody Goloubef.
6:00 of 3rd period - Wrist shot by Philippe Cornet.
6:00 of 3rd period - Stopped by Jared Coreau with a rebound.
6:02 of 3rd period - Slapshot by Andrej Sustr.
6:02 of 3rd period - Shot Misses the Net.
6:04 of 3rd period - Slapshot by Hunter Bishop.
6:04 of 3rd period - Stopped by Jared Coreau with a rebound.
6:22 of 3rd period - Off-side.
6:23 of 3rd period - Brian Gibbons wins face-off versus Charles Sarault in neutral zone.
6:28 of 3rd period - Wrist shot by Mark Stone.
6:28 of 3rd period - Goal by Mark Stone - Penguins : 3 - Rivermen : 6.
6:29 of 3rd period - Carson McMillan wins face-off versus Zack Phillips in neutral zone.
6:36 of 3rd period - Snap shot by Matt Kassian.
6:36 of 3rd period - Stopped by Jared Coreau with a rebound.
6:38 of 3rd period - Slapshot by Jeff Schultz.
6:38 of 3rd period - Shot Blocked by Joe Piskula.
6:44 of 3rd period - Snap shot by Carson McMillan.
6:44 of 3rd period - Shot Blocked by Joe Piskula.
6:48 of 3rd period - Snap shot by Matt Kassian.
6:48 of 3rd period - Shot Blocked by Brian O'Neill.
7:08 of 3rd period - Wrist shot by Tye McGinn.
7:08 of 3rd period - Shot Misses the Net.
7:10 of 3rd period - Slapshot by Chris Huxley.
7:10 of 3rd period - Shot Blocked by Zack Phillips.
7:24 of 3rd period - Slapshot by Jeff Schultz.
7:24 of 3rd period - Shot Misses the Net.
7:26 of 3rd period - Wrist shot by Charles Sarault.
7:26 of 3rd period - Stopped by Jared Coreau with a rebound.
7:55 of 3rd period - Snap shot by Matt Kassian.
7:55 of 3rd period - Deflect By Carson McMillan.
7:55 of 3rd period - Shot Blocked by Joe Piskula.
7:55 of 3rd period - Puck is out of play.
7:56 of 3rd period - Carson McMillan wins face-off versus Brian Gibbons in Rivermen zone.
8:12 of 3rd period - Minor Penalty to Linden Vey for Roughing.
8:13 of 3rd period - Brian Gibbons wins face-off versus Matt Kassian in Penguins zone.
8:45 of 3rd period - Snap shot by Ryan Ellis.
8:45 of 3rd period - Stopped by Keith Kinkaid without a rebound.
8:46 of 3rd period - Joakim Nordstrom wins face-off versus Garrett Meurs in Penguins zone.
9:03 of 3rd period - Slapshot by Joakim Nordstrom.
9:03 of 3rd period - Shot Blocked by Chris Huxley.
9:27 of 3rd period - Cody Goloubef is hit by Curtis McKenzie and loses puck.
10:12 of 3rd period - Penalty to Linden Vey is over, Linden Vey is back on ice.
10:38 of 3rd period - Garrett Meurs is hit by Jeremy Morin and loses puck.
11:55 of 3rd period - Brian Gibbons is hit by Carson McMillan and loses puck.
12:18 of 3rd period - Slapshot by Ryan Ellis.
12:18 of 3rd period - Shot Hit the Post.
12:42 of 3rd period - Snap shot by Ryan Reaves.
12:42 of 3rd period - Shot Misses the Net.
12:44 of 3rd period - Wrist shot by Joakim Nordstrom.
12:44 of 3rd period - Stopped by Keith Kinkaid with a rebound.
13:05 of 3rd period - Zack Phillips is hit by Hunter Bishop and loses puck.
13:38 of 3rd period - Wrist shot by Mark Stone.
13:38 of 3rd period - Stopped by Keith Kinkaid without a rebound.
13:39 of 3rd period - Carson McMillan wins face-off versus Brian Gibbons in Penguins zone.
13:39 of 3rd period - Carson McMillan is hit by Brian Gibbons.
13:47 of 3rd period - Brian Gibbons is hit by Xavier Ouellet and loses puck.
15:16 of 3rd period - Minor Penalty to Joe Piskula for High sticking.
15:17 of 3rd period - Carson McMillan wins face-off versus J.T. Brown in Rivermen zone.
15:26 of 3rd period - Slapshot by Mark Stone.
15:26 of 3rd period - Shot Blocked by Jeff Schultz.
16:06 of 3rd period - Mark Stone is hit by Hunter Bishop and loses puck.
16:32 of 3rd period - Rob Davison is hit by Carson McMillan.
16:42 of 3rd period - Brian O'Neill is hit by Philippe Cornet and loses puck.
17:13 of 3rd period - Chris Huxley is hit by J.T. Brown and loses puck.
17:16 of 3rd period - Penalty to Joe Piskula is over, Joe Piskula is back on ice.
18:15 of 3rd period - Snap shot by Jeremy Morin.
18:15 of 3rd period - Stopped by Keith Kinkaid without a rebound.
18:16 of 3rd period - Zack Phillips wins face-off versus Carson McMillan in Penguins zone.
18:35 of 3rd period - Backhand shot by Carson McMillan.
18:35 of 3rd period - Stopped by Jared Coreau with a rebound.
19:09 of 3rd period - Snap shot by Philippe Cornet.
19:09 of 3rd period - Shot Misses the Net.
19:11 of 3rd period - Slapshot by Philippe Cornet.
19:11 of 3rd period - Shot Blocked by John Lee.
19:13 of 3rd period - Snap shot by Philippe Cornet.
19:13 of 3rd period - Shot Misses the Net.
19:15 of 3rd period - Snap shot by Andrej Sustr.
19:15 of 3rd period - Deflect By Charles Sarault.
19:15 of 3rd period - Stopped by Jared Coreau with a rebound.
19:17 of 3rd period - Slapshot by Andrej Sustr.
19:17 of 3rd period - Shot Misses the Net.
19:19 of 3rd period - Wrist shot by Linden Vey.
19:19 of 3rd period - Stopped by Jared Coreau with a rebound.
19:40 of 3rd period - Slapshot by Carson McMillan.
19:40 of 3rd period - Deflect By Matt Kassian.
19:40 of 3rd period - Stopped by Jared Coreau with a rebound.
19:42 of 3rd period - Slapshot by Dean Arsene.
19:42 of 3rd period - Deflect By Matt Kassian.
19:42 of 3rd period - Shot Misses the Net.
19:42 of 3rd period - Puck is out of play.
19:43 of 3rd period - Joakim Nordstrom wins face-off versus Carson McMillan in Rivermen zone.
19:43 of 3rd period - Joakim Nordstrom is hit by Carson McMillan.
Goals for this period are 1 for Penguins vs 1 for Rivermen.
Shots for this period are 11 for Penguins vs 7 for Rivermen.


Output by the SimonT Hockey Simulator (STHS) for Eric Dolegowski -- Original Page W3C XHTML 1.0 Valid
Hockey Simulator - Hockey Simulation - Hockey Manager